 Dungeon Crawl Stone Soup version 0.21.0-3-g78d12a8 (webtiles) character file.

99 Monsterracer the Skirmisher (level 4, -1/42 HPs)
             Began as a Hill Orc Ice Elementalist on Jan 17, 2018.
             Slain by a gnoll
             ... wielding a +0 halberd
              (9 damage)
             ... on level 2 of the Dungeon.
             The game lasted 00:02:53 (1959 turns).

Monsterracer the Skirmisher (HOIE)                  Turns: 1959, Time: 00:02:54

Health: -1/42      AC:  2    Str: 11    XL:     4   Next: 72%
Magic:  1/6        EV: 12    Int: 15    God:
Gold:   18         SH:  0    Dex: 11    Spells: 5/6 levels left

rFire    . . .     SeeInvis .   q - +0 spear
rCold    . . .     Gourm    .   (no shield)
rNeg     . . .     Faith    .   a - +0 robe
rPois    .         Spirit   .   (no helmet)
rElec    .         Reflect  .   (no cloak)
rCorr    .         Harm     .   (no gloves)
MR       .....                  (no boots)
Stlth    ++........             (no amulet)
HPRegen  0.14/turn              (no ring)
MPRegen  0.10/turn              (no ring)

@: no status effects
A: no striking features
a: no special abilities


You were on level 2 of the Dungeon.
You were hungry.

You visited 1 branch of the dungeon, and saw 2 of its levels.

You collected 18 gold pieces.

Inventory:

Hand Weapons
 q - a +0 spear (weapon)
Armour
 a - a +0 robe (worn)
Scrolls
 j - a scroll of amnesia
 k - 3 scrolls of enchant weapon {unknown}
 l - a scroll of enchant armour {unknown}
 n - a scroll of identify {unknown}
 o - a scroll of fear {unknown}
Potions
 e - a potion of curing {unknown}
 f - a potion of invisibility {unknown}
 g - a potion of ambrosia {unknown}
 h - a potion of lignification {unknown}
 i - 2 potions of heal wounds {unknown}
 m - a potion of agility {unknown}
Books
 b - a book of Frost

   Spells                             Type                      Level
   a - Freeze                         Ice                          1
   b - Throw Frost                    Conjuration/Ice              2
   c - Ozocubu's Armour               Charms/Ice                   3
   d - Throw Icicle                   Conjuration/Ice              4
   e - Summon Ice Beast               Ice/Summoning                4
Comestibles
 c - a ration


   Skills:
 + Level 5.0 Fighting
 - Level 1.5 Dodging
 - Level 1.5 Stealth
 - Level 1.5 Spellcasting
   Level 1.0 Conjurations
 - Level 2.6 Ice Magic


You had 5 spell levels left.
You knew the following spells:

 Your Spells              Type           Power        Failure   Level  Hunger
a - Freeze                Ice            #...         8%          1    ##.....


Dungeon Overview and Level Annotations

Branches:
Dungeon (2/15)

Altars:


Message History

You hit the adder but do no damage. The adder bites you but does no damage.
The adder bites you.
You take 1 damage, and have 33/41 hp.
You hit the adder.
The adder is moderately wounded.
The adder closely misses you.
You barely miss the adder.
The adder is moderately wounded.
The adder bites you. The adder bites you but does no damage.
You take 4 damage, and have 29/41 hp.
Casting: Freeze
Confirm with . or Enter, or press ? or * to list all spells.
Aiming: Freeze
Press: ? - help, Shift-Dir - straight line, f - adder
Aim: an adder (moderately wounded)
You freeze the adder.
The adder is heavily wounded.
The adder closely misses you.
You now have 5/6 mp.
Casting: Freeze
Confirm with . or Enter, or press ? or * to list all spells.
Aiming: Freeze
Press: ? - help, Shift-Dir - straight line, f/p - adder
Aim: an adder (heavily wounded)
You freeze the adder.
The adder is severely wounded.
The adder barely misses you.
You now have 4/6 mp.
Casting: Freeze
Confirm with . or Enter, or press ? or * to list all spells.
Aiming: Freeze
Press: ? - help, Shift-Dir - straight line, f/p - adder
Aim: an adder (severely wounded)
You freeze the adder.
You kill the adder!
Your Fighting skill increases to level 5!
You now have 3/6 mp.
Magic restored.
HP restored.
You butcher the adder corpse.
d - a chunk of flesh Eating a chunk of flesh.
You eat the chunk of flesh.
This raw flesh tastes terrible.
There is a stone staircase leading up here.
The gnoll is too close now for your liking.
Health restored: 42; MP restored: 6 A gnoll is nearby!
A gnoll is nearby!
The gnoll misses you.
Casting: Freeze
Confirm with . or Enter, or press ? or * to list all spells.
Aiming: Freeze
Press: ? - help, Shift-Dir - straight line, f - gnoll
Aim: a gnoll, wielding a halberd You freeze the gnoll.
The gnoll is moderately wounded.
The gnoll hits you with a halberd!
You take 7 damage, and have 35/42 hp.
You now have 5/6 mp.
Casting: Freeze
Confirm with . or Enter, or press ? or * to list all spells.
Aiming: Freeze
Press: ? - help, Shift-Dir - straight line, f/p - gnoll
Aim: a gnoll, wielding a halberd (moderately wounded)
You freeze the gnoll.
The gnoll is heavily wounded.
You are feeling hungry.
The gnoll hits you with a halberd!
* * * LOW HITPOINT WARNING * * *
You hear a shout!
You take 15 damage, and have 20/42 hp.
MASSIVE DAMAGE!!
You now have 4/6 mp.
Casting: Freeze
Confirm with . or Enter, or press ? or * to list all spells.
Aiming: Freeze
Press: ? - help, Shift-Dir - straight line, f/p - gnoll
Aim: a gnoll, wielding a halberd (heavily wounded)
You freeze the gnoll.
The gnoll is heavily wounded.
You now have 3/6 mp.
Unknown command.
Casting: Freeze
Confirm with . or Enter, or press ? or * to list all spells.
Aiming: Freeze
Press: ? - help, Shift-Dir - straight line, f/p - gnoll
Aim: a gnoll, wielding a halberd (heavily wounded)
You freeze the gnoll.
The gnoll is severely wounded.
The gnoll hits you with a halberd!
* * * LOW HITPOINT WARNING * * *
The gnoll barely misses you.
You take 12 damage, and have 8/42 hp.
MASSIVE DAMAGE!!
You now have 2/6 mp.
Casting: Freeze
Confirm with . or Enter, or press ? or * to list all spells.
Aiming: Freeze
Press: ? - help, Shift-Dir - straight line, f/p - gnoll
Aim: a gnoll, wielding a halberd (severely wounded)
You freeze the gnoll.
The gnoll is almost dead.
The gnoll closely misses you.
The gnoll hits you from afar with a halberd!
You die...

..# #.# #..# ## g.# #.###..# #.
#.. ##...#.# ###. #.# ##.##.##
#... ##.## #.#...######.#. #...#
#...#).<....... #...#
####.....######.## #...#
#.......#.......## #####...#####
#@#....##.........
##...........###g#..####.......##
...........#...g.#.............##
##...........#####.#####.......##
#####.....########.#####.......##
## #.....#####.......##.......##
.# #...........#####.###########
## #.....####..# #.########### #
#.###.####..# #..........##


You could see 2 gnolls.

Vanquished Creatures
  A scorpion (D:2)
  An adder (D:2)
  A gnoll (D:1)
  An ooze (D:1)
  A worm (D:2)
  2 leopard geckos
  3 giant cockroaches (D:1)
  2 hobgoblins
  5 bats
  A goblin (D:2)
  5 kobolds (D:1)
  3 rats
26 creatures vanquished.

Notes
Turn   | Place    | Note
-------+----------+-------------------------------------------
     0 | D:1      | Monsterracer the Hill Orc Ice Elementalist began the quest for the Orb.
     0 | D:1      | Reached XP level 1. HP: 14/14 MP: 3/3
    78 | D:1      | HP: 7/14 [ooze (4)]
    79 | D:1      | Reached skill level 1 in Fighting
   311 | D:1      | Reached XP level 2. HP: 18/24 MP: 1/4
   439 | D:1      | Reached skill level 2 in Fighting
  1007 | D:1      | Reached skill level 3 in Fighting
  1107 | D:2      | Reached XP level 3. HP: 28/31 MP: 1/5
  1253 | D:2      | Noticed a scorpion
  1260 | D:2      | Killed a scorpion
  1260 | D:2      | Reached skill level 4 in Fighting
  1260 | D:2      | Reached XP level 4. HP: 34/41 MP: 0/6
  1852 | D:2      | Reached skill level 5 in Fighting
  1956 | D:2      | HP: 20/42 [gnoll/halberd (15)]
  1958 | D:2      | HP: 8/42 [gnoll/halberd (13)]
  1959 | D:2      | Slain by a gnoll

Skill      XL: |  1  2  3  4 |
---------------+-------------+-----
Fighting       | 1 3 4 5 |  5.0
Dodging        | |  1.5
Stealth        | |  1.5
Spellcasting   | |  1.5
Conjurations   | |  1.0
Ice Magic      | |  2.6

Action                   |  1- 3 |  4- 6 || total
-------------------------+-------+-------++-------
Melee: Unarmed           |    12 |       ||    12
       Whip              |    35 |     5 ||    40
       Spear             |       |     3 ||     3
 Cast: Freeze            |    28 |    20 ||    48
  Use: Scroll            |     2 |       ||     2
 Stab: Sleeping          |     2 |       ||     2
  Eat: Chunk             |     2 |     2 ||     4
Armor: Robe              |    24 |     3 ||    27
Dodge: Dodged            |    59 |    14 ||    73

Vault maps used:
D:1:      grunt_arrival_lava_bath
D:2:      chequers_ecumenical_altar_lobes, lexackson_kobold_supper
